AoeStats
← Tesla

Arabia

509393280Analyzed
3v3 RM · 6d ago on Sep 26, 2026· 46m 37s· 6 players
Game mode
Random Map
Map size
Normal (6 player)
Population
200
Speed
Normal
Resources
Standard
Victory
Conquest
Starting age
Dark Age
Ending age
Imperial Age
RankedLock teamsTeams togetherTeam positionsShared explorationLock speedFull tech treeHidden civsTurbo modeCheats
Victory
Defeat
🇨🇱 Sicilians · Chile
880
+14
🇨🇱 Franks · Chile
794
+17
🇨🇱 Hindustanis · Chile
790
+17
🇨🇱 Tupi · Chile
914
-20
🇪🇸 Huns · Spain
829
-16
🇪🇸 Franks · Spain
721
-12
pablo.torres
11:29 Feudal Age
12:23 Double-Bit Axe
23:55 Castle Age
23:09 Scale Barding Armor
23:36 Gold Mining
24:15 Light Cavalry
24:47 Pikeman
25:41 Forging
25:52 Chain Barding Armor
25:35 Scale Mail Armor
26:44 Wheelbarrow
26:56 Man-at-Arms
27:31 Gambesons
29:05 Gold Shaft Mining
28:05 Long Swordsman
29:27 Bow Saw
29:42 Squires
30:30 Iron Casting
30:44 Hand Cart
31:12 Chain Mail Armor
42:50 Imperial Age
44:21 Two-Handed Swordsman
45:23 Champion
Capitan
4:13 Loom
4:24 Loom
11:19 Feudal Age
12:45 Double-Bit Axe
17:06 Bloodlines
19:02 Castle Age
17:40 Horse Collar
19:31 Scale Barding Armor
23:53 Husbandry
24:14 Scale Mail Armor
25:37 Chain Mail Armor
26:27 Forging
26:00 Pikeman
29:20 Heavy Plow
30:03 Wheelbarrow
29:54 Gold Mining
32:30 Gold Shaft Mining
35:48 Imperial Age
33:28 Stone Mining
34:08 Chain Barding Armor
35:49 Iron Casting
37:26 Plate Barding Armor
39:20 Cavalier
42:42 Blast Furnace
46:31 Stone Shaft Mining
D I O
2:04 Loom
13:09 Feudal Age
13:43 Double-Bit Axe
13:39 Horse Collar
16:02 Scale Mail Armor
20:59 Castle Age
20:16 Scale Barding Armor
20:33 Forging
22:07 Bow Saw
22:33 Gold Mining
24:48 Chain Barding Armor
25:58 Iron Casting
27:46 Heavy Plow
29:14 Wheelbarrow
30:10 Gold Shaft Mining
39:42 Chain Mail Armor
38:50 Pikeman
42:17 Imperial Age
42:23 Heavy Camel Rider
44:05 Blast Furnace
43:42 Plate Barding Armor
Cruzcerro3
11:31 Loom
13:17 Feudal Age
19:11 Castle Age
20:42 Bloodlines
20:33 Husbandry
39:16 Horse Collar
42:41 Marauders
43:37 Double-Bit Axe
44:47 Thumb Ring
45:39 Ballistics
45:15 Murder Holes
45:31 Fletching
45:42 Padded Archer Armor
45:54 Forging
Tesla
1:59 Loom
10:22 Feudal Age
15:00 Double-Bit Axe
21:36 Castle Age
19:38 Champi Runner
20:59 Arson
21:27 Forging
21:18 Scale Mail Armor
21:51 Horse Collar
22:59 Pikeman
24:03 Squires
24:44 Wheelbarrow
23:59 Town Watch
27:24 Caciques
29:09 Heavy Plow
29:14 Gold Mining
34:09 Imperial Age
31:10 Champi Warrior
32:35 Bow Saw
32:59 Fletching
35:45 Iron Casting
34:35 Halberdier
36:50 Conscription
38:16 Chemistry
39:00 Elite Champi Warrior
39:36 Elite Champi Warrior
41:57 Capped Ram
45:58 Two-Man Saw
jfmoreno23
1:06 Loom
13:58 Feudal Age
23:30 Castle Age
22:33 Arson
23:14 Scale Mail Armor
24:34 Pikeman
25:14 Squires
26:11 Chain Mail Armor
34:33 Gambesons
35:02 Forging
34:53 Padded Archer Armor
34:44 Fletching
35:01 Scale Barding Armor
36:34 Iron Casting
38:15 Bodkin Arrow
40:15 Husbandry
46:24 Chain Barding Armor
Connection lost

Rejoining the realm…

Still unreachable

The connection could not be restored.

Session expired

The server has moved on; the page needs a fresh start.